 Dungeon Crawl Stone Soup version 0.30.1-11-g7821555f0a (webtiles) character file.

Game seed: 6939648386895803784

354 Zeor the Sneak (level 6, -2/29 HPs)
             Began as a Vine Stalker Enchanter on Nov 21, 2023.
             Slain by a gnoll
             ... wielding a +0 spear
             ... led by a gnoll bouda
              (6 damage)
             ... on level 5 of the Dungeon on Dec 21, 2023.
             The game lasted 00:14:30 (4125 turns).

Zeor the Sneak (Vine Stalker Enchanter)             Turns: 4125, Time: 00:14:31

Health: -2/29      AC:  3    Str: 11    XL:     6   Next: 63%
Magic:  0/13       EV: 12    Int: 17    God:
Gold:   257        SH:  0    Dex: 14    Spells: 3/13 levels left

rFire   . . .        a - +2 dagger (heavy)
rCold   . . .        (no shield)
rNeg    . . .        o - +0 leather armour
rPois   .            (no helmet)
rElec   .            (no cloak)
rCorr   .            (no gloves)
SInv    .            (no boots)
Will    .....        (no amulet)
Stlth   +++          (no ring)
HPRegen 1.04/turn    (no ring)
MPRegen 0.13/turn

%: guardian spirit
@: very slightly contaminated
A: fangs 2, regeneration 1, magic shield, antimagic bite, no potion heal 2
a: no special abilities


You were on level 5 of the Dungeon.
You visited 1 branch of the dungeon, and saw 5 of its levels.

You collected 257 gold pieces.

Inventory:

Hand Weapons
 a - a +2 heavy dagger (weapon)
Armour
 o - a +0 leather armour (worn)
Wands
 n - a wand of flame (24)
 q - a wand of paralysis (10)
Scrolls
 j - 2 scrolls of teleportation
 r - a scroll of enchant armour
Potions
 b - 2 potions of ambrosia {unknown}
 c - 3 potions of invisibility
 d - a potion of magic {unknown}
 e - 6 potions of curing
 f - a potion of mutation
 g - 3 potions of lignification
 h - a potion of haste {unknown}
 i - 2 potions of berserk rage
 k - a potion of resistance {unknown}
 l - a potion of cancellation {unknown}
 m - a potion of brilliance {unknown}
 p - a potion of heal wounds {unknown}


   Skills:
 + Level 0.9 Fighting
 + Level 1.7 Short Blades
 + Level 1.0 Armour
 + Level 2.0 Dodging
 + Level 5.3 Stealth
 * Level 4.3 Spellcasting
 * Level 3.9 Hexes
 + Level 1.0 Ice Magic


You had 3 spell levels left.
You knew the following spells:

 Your Spells              Type           Power      Damage    Failure   Level
a - Passwall              Tmut/Erth      2%         N/A       30%         2
c - Confusing Touch       Hex            17%        N/A       12%         3
e - Ensorcelled Hibernat  Hex/Ice        24%        N/A       11%         2
t - Tukima's Dance        Hex            17%        N/A       12%         3

Your spell library contained the following spells:

 Spells                   Type           Power      Damage    Failure   Level
 Sandblast                Erth           6%         2d5       21%         1
 Dazzling Flash           Conj/Hex       20%        N/A       26%         3
 Spider Form              Tmut/Pois      3%         N/A       52%         3
 Stone Arrow              Conj/Erth      6%         3d7       52%         3
 Anguish                  Hex/Necr       5%         N/A       65%         4


Dungeon Overview and Level Annotations

Branches:
Dungeon (5/15)
 Temple: D:4-7

Altars:
Hepliaklqana
Kikubaaqudgha
Nemelex Xobeh
Okawaru
Xom
Yredelemnul
Zin
The Shining One

Annotations:
D:3 1 runed translucent door, Crazy Yiuf
D:4 1 runed translucent door, hawkwood's ghost, amateur DgAr


Innate Abilities, Weirdness & Mutations

You have extremely sharp teeth.
Your natural rate of healing is unusually fast.
When hurt, damage is shared between your health and your magic reserves.
Your bite disrupts and absorbs the magic of your enemies.
Potions cannot restore your health.


Message History

The gnoll bouda resists with some effort.
You hear a shout! x2
The gnoll bouda barks out a call to the hunt!
You hear a shout!
Casting: Ensorcelled Hibernation (safe; 11% risk of failure)
Confirm with . or Enter, or press ? or * to list all spells.
Aiming: Ensorcelled Hibernation (safe; 11% risk of failure)
Press: ? - help, Shift-Dir - straight line, f/p - gnoll bouda
Aim: a gnoll bouda, wielding a +0 great sword and wearing a +0 leather armour (chance to affect: 46%)
The gnoll bouda looks drowsy...
The gnoll shouts!
The gnoll bouda shouts!
The gnoll bouda hits you with a +0 great sword!
A gnoll comes into view. It is wielding a +0 club.
You hit the gnoll bouda but do no damage.
You bite the gnoll bouda, but do no damage.
The gnoll misses you.
The gnoll hits you from afar with a +0 spear.
The gnoll bouda barely misses you.
Casting: Ensorcelled Hibernation (safe; 11% risk of failure)
Confirm with . or Enter, or press ? or * to list all spells.
The spell is quite dangerous to miscast (12% risk of failure)!
Continue anyway?
Aiming: Tukima's Dance (quite dangerous; 12% risk of failure)
Press: ? - help, Shift-Dir - straight line, f/p - gnoll bouda
Aim: a gnoll bouda, wielding a +0 great sword and wearing a +0 leather armour (chance to affect: 50%)
You miscast Tukima's Dance.
You are very lightly contaminated with residual magic.
Nothing appears to happen.
The gnoll hits you with a +0 club.
The gnoll hits you from afar with a +0 spear.
The gnoll bouda barely misses you.
Casting: Tukima's Dance (quite dangerous; 12% risk of failure)
Confirm with . or Enter, or press ? or * to list all spells.
You don't have enough magic to cast this spell.
You barely miss the gnoll bouda. The gnoll hits you with a +0 club.
The gnoll hits you from afar with a +0 spear.
* * * LOW HITPOINT WARNING * * *
The gnoll bouda barely misses you. The gnoll hits you with a +0 club.
* * * LOW HITPOINT WARNING * * *
You barely miss the gnoll bouda. Your bite misses the gnoll bouda.
The gnoll hits you from afar with a +0 spear!
You die...

∙∙▒∙▄∙▒▒▒∙∙∙∙∙▒▒▒▒▒∙▒▒∙▒ ▒∙▒▒▒▒▒
∙∙▒∙∙∙∙▒▒▒▒▒▒▒▒▒▒∙∙∙▒▒∙▒▒▒▒∙▒▒∙∙∙
∙∙▒∙∙▄∙∙∙∙∙∙▒∙∙▒▒∙∙∙∙∙∙▒▒∙▒∙∙▒∙∙∙
▒∙▒▒∙∙∙▄∙∙∙∙∙∙∙∙▒∙∙∙∙∙∙∙∙∙▒∙∙∙∙∙∙
▒∙▒▒▒∙∙∙∙∙∙▒∙∙∙∙∙∙∙∙∙∙▒▒∙∙▒∙▒▒∙∙∙
∙∙▒▒▒▒▒▒▒▒∙∙∙∙∙∙∙∙∙∙∙∙∙▒▒∙∙∙∙∙∙∙∙
∙∙∙∙∙∙∙∙▒∙▒∙▒▒∙∙∙∙∙∙∙∙▒▒▒▒∙∙▒▒▒∙∙
∙∙▒∙∙∙∙▒▒▒▒∙∙▒∙∙∙g∙∙∙∙∙<▒▒▒∙∙∙∙∙∙
∙∙∙▒▒∙∙∙▒▒▒∙∙∙∙∙fg∙∙∙▒∙▒∙∙∙∙∙<∙∙∙
∙∙∙∙∙∙∙∙▒∙∙∙∙∙∙∙▒g)∙▒▒∙∙∙∙∙∙∙∙∙∙∙
∙∙∙∙∙▒∙∙▒▒∙∙▒∙∙▒▒g∙∙∙∙∙∙∙∙∙∙∙∙∙∙∙
∙∙∙∙∙▒▒∙∙>∙∙▒▒∙▒▒∙∙▒▒∙∙∙∙∙∙∙∙∙∙∙∙
∙▒∙∙∙∙∙∙∙∙∙∙▒∙∙∙∙∙∙▒▒∙∙∙∙∙∙∙∙∙▒▒▒
∙▒∙∙∙∙∙∙∙∙∙∙∙∙∙▒∙∙∙▒▒∙∙∙∙▒∙∙∙∙∙▒▒
▒▒∙∙∙8∙8∙8∙∙∙∙∙∙∙∙∙∙∙∙∙∙∙▒▒∙∙∙▒▒
▒▒∙∙∙∙∙∙∙∙∙∙∙∙∙∙∙∙∙∙∙∙∙∙∙∙▒∙∙∙∙▒
∙∙∙∙∙8∙8∙∙∙∙∙∙∙∙∙∙∙∙∙∙∙∙∙∙∙∙∙∙∙▒▒


You could see a gnoll bouda and 3 gnolls.

Vanquished Creatures
  An ogre (D:5)
  2 hounds (D:5)
  An orc wizard (D:4)
  3 gnolls (D:2)
  7 adders
  A worm (D:2)
  2 dart slugs
  9 orcs
  5 bats
  6 endoplasms
  3 giant cockroaches
  4 goblins
  8 hobgoblins
  6 kobolds
  4 quokkas
  8 ball pythons
  A frilled lizard (D:2)
  4 rats
75 creatures vanquished.

Vanquished Creatures (collateral kills)
  A gnoll (D:5)
1 creature vanquished.

Grand Total: 76 creatures vanquished

Notes
Turn   | Place    | Note
-------+----------+-------------------------------------------
     0 | D:1      | Zeor the Vine Stalker Enchanter began the quest for the
                  | Orb.
     0 | D:1      | Reached XP level 1. HP: 9/9 MP: 4/4
   175 | D:1      | Reached skill level 4 in Stealth
   175 | D:1      | Reached XP level 2. HP: 9/13 MP: 1/6
   223 | D:1      | Learned a level 2 spell: Ensorcelled Hibernation
   507 | D:1      | Reached XP level 3. HP: 16/16 MP: 8/8
   511 | D:1      | Learned a level 3 spell: Tukima's Dance
   547 | D:1      | Reached skill level 1 in Short Blades
  1672 | D:2      | Gained mutation: Your natural rate of healing is unusually
                  | fast. [Vine Stalker growth]
  1672 | D:2      | Reached XP level 4. HP: 21/21 MP: 6/9
  1997 | D:3      | Found a runed translucent door.
  1998 | D:3      | Noticed Crazy Yiuf
  2339 | D:3      | Learned a level 3 spell: Confusing Touch
  2566 | D:3      | You fall into a shaft and drop 2 floors!
  2566 | D:5      | Entered Level 5 of the Dungeon
  2667 | D:4      | Reached XP level 5. HP: 25/25 MP: 8/11
  2723 | D:4      | Reached skill level 5 in Stealth
  2865 | D:3      | Found a faded altar of an unknown god.
  3216 | D:4      | Found a runed translucent door.
  3216 | D:4      | Noticed hawkwood's ghost (amateur DgAr)
  3267 | D:4      | Learned a level 2 spell: Passwall
  3678 | D:5      | Noticed an ogre
  3688 | D:5      | Killed an ogre
  3689 | D:5      | Reached skill level 1 in Ice Magic
  3689 | D:5      | Reached XP level 6. HP: 18/29 MP: 3/13
  3774 | D:5      | Found a glowing golden altar of the Shining One.
  3776 | D:5      | Found an ancient bone altar of Kikubaaqudgha.
  3777 | D:5      | Found a sparkling altar of Nemelex Xobeh.
  3796 | D:5      | Found a basalt altar of Yredelemnul.
  3802 | D:5      | Found a glowing silver altar of Zin.
  3807 | D:5      | Found a hazy altar of Hepliaklqana.
  3808 | D:5      | Found a shimmering altar of Xom.
  3809 | D:5      | Found an iron altar of Okawaru.
  3882 | D:5      | Reached skill level 1 in Armour
  4125 | D:5      | Slain by a gnoll

Illustrated notes

Levels and vault maps discovered:
D:1:      lemuel_arrival_lava_pool, layout_loops_ring, st_stairs_6,
          minmay_crystal_water
D:2:      layout_basic
D:3:      layout_basic, shapermc_ecumenical_altar_notcrosses,
          grunt_ministairs_1, dk_vineyard_2, minmay_misc_feat_cross,
          interstate_on_off, guppyfry_early_orc_mine, uniq_crazy_yiuf_cottage
D:4:      layout_basic, hellmonk_ghost_happy_afterlife
D:5:      layout_cave_pools, nicolae_overflow_hallway_of_the_gods,
          serial_column_ruins, column_ruins_columns_dead_end,
          column_ruins_grid_4, column_ruins_grid_1, column_ruins_grid_3,
          column_ruins_columns_straight

Skill      XL: |  1  2  3  4  5  6 |
---------------+-------------------+-----
Stealth        | 4 5 |  5.3
Short Blades   | 1 |  1.7
Spellcasting   | 3 4 |  4.3
Dodging        | 2 |  2.0
Ice Magic      | 1 |  1.0
Armour         | 1 |  1.0
Fighting       | |  0.9
Hexes          | |  3.9

Action                     |  1- 3 |  4- 6 || total
---------------------------+-------+-------++-------
  Melee: Dagger            |    61 |    90 ||   151
         Bite              |     8 |    20 ||    28
   Cast: Ensorcelled Hiber |    14 |    30 ||    44
         Tukima's Dance    |       |     4 ||     4
         Confusing Touch   |       |     2 ||     2
    Use: Scroll            |     6 |     7 ||    13
   Stab: Sleeping          |    20 |    19 ||    39
         Distracted        |       |     2 ||     2
         Confused          |       |     1 ||     1
 Armour: Robe              |     7 |     6 ||    13
         Leather armour    |       |    11 ||    11
  Dodge: Dodged            |    28 |    58 ||    86
